 Dungeon Crawl Stone Soup version 0.32-a0-17-gb74e046682 (webtiles) character file.

Game seed: 1133880748528597833

1327 cforsyth the Trooper (level 8, -4/80 (88) HPs)
             Began as an Oni Shapeshifter on Jan 15, 2024.
             Slain by a wight
             ... wielding a +0 great sword
              (10 damage)
             ... on level 5 of the Dungeon.
             The game lasted 00:05:20 (4670 turns).

cforsyth the Trooper (Oni Shapeshifter)             Turns: 4670, Time: 00:05:21

HP:   -4/80 (88)    AC:  3    Str: 21    XL:     8   Next: 60%
MP:   8/8           EV:  9    Int: 11    God:
Gold: 126           SH:  0    Dex:  8    Spells: 7/7 levels left

rFire   . .          .
                       - Unarmed
rCold   . . .        (no shield)
rNeg    . . .        a - +0 animal skin
rPois   .            (helmet currently unavailable)
rElec   .            (cloak currently unavailable)
rCorr   .            (gloves unavailable)
SInv    .            (boots unavailable)
Will    +....        (no amulet)
Stlth   +            e - ring of willpower
HPRegen 0.33/turn    (no ring)
MPRegen 0.11/turn

%: no passive effects
@: beast-form, drained
A: beast (slay +3), large, unfitting armour, horns 1, tough skin 1, double
potion healing, drunken brawling
a: Begin Untransformation


You were on level 5 of the Dungeon.
You were a hulking beast.
You visited 1 branch of the dungeon, and saw 6 of its levels.

You collected 191 gold pieces.
You spent 65 gold pieces at shops.

Inventory:

Armour
 a - a +0 animal skin (worn)
Jewellery
 e - a ring of willpower (left hand)
 j - a ring of ice
 k - an amulet of faith
Talismans
 c - a beast talisman
 d - a flux talisman
Wands
 o - a wand of roots (9)
Scrolls
 g - a scroll of enchant armour {unknown}
 h - 2 scrolls of amnesia
 i - a scroll of fear
 n - 3 scrolls of teleportation
 q - a scroll of identify
 r - a scroll of revelation {unknown}
Potions
 b - a potion of lignification
 f - 6 potions of heal wounds
 l - 2 potions of curing
 m - 2 potions of might {unknown}
 p - a potion of enlightenment {unknown}


   Skills:
 + Level 7.8 Fighting
 - Level 1.7 Dodging
 + Level 6.0 Unarmed Combat
 + Level 6.1 Shapeshifting


You had 7 spell levels left.
You didn't know any spells.
Your spell library contained the following spells:

 Spells                   Type           Power      Damage    Failure   Level
 Apportation              Tloc           0%         N/A       34%         1
 Necrotise                Necr           0%         1d4       34%         1
 Sting                    Conj/Alch      0%         1d3       34%         1
 Summon Small Mammal      Summ           0%         N/A       34%         1
 Ensorcelled Hibernation  Hex/Ice        0%         N/A       47%         2
 Lesser Beckoning         Tloc           0%         N/A       47%         2
 Fugue of the Fallen      Necr           0%         N/A       71%         3
 Gell's Gravitas          Tloc           0%         N/A       71%         3
 Teleport Other           Tloc           0%         N/A       71%         3
 Anguish                  Hex/Necr       0%         N/A       98%         4


Dungeon Overview and Level Annotations

Branches:
Dungeon (6/15)
 Temple: D:4-7

Altars:

Shops:
D:3 ?


Innate Abilities, Weirdness & Mutations

You are a hulking beast.
Your limbs bulge with bestial killing power. (Slay +3)
You are too large for most types of armour.
You have a pair of small horns on your head.
You have tough skin. (AC +1)
You gain doubled healing and magic from potions.
Whenever you drink a healing potion, you attack all around you.


Message History

The wight is severely damaged.
The wight hits you with a +2 hand axe!
The wight hits you with a +0 great sword.
You barely miss the wight.
The wight is severely damaged.
The wight hits you with a +2 hand axe! The wight barely misses you.
You hit the wight but do no damage. You punch the wight, but do no damage.
The wight is severely damaged.
The wight hits you with a +2 hand axe.
You hit the wight. Your headbutt misses the wight.
The wight is lightly damaged.
The wight hits you with a +2 hand axe.
You barely miss the wight.
The wight is severely damaged.
The wight barely misses you.
The wight hits you with a +0 great sword.
The wight barely misses you.
You hit the wight.
The wight is almost destroyed.
The wight hits you with a +2 hand axe! The wight completely misses you.
The wight hits you with a +0 great sword!
You feel drained.
You are too injured to fight recklessly!
You are too injured to fight recklessly!
You are too injured to fight recklessly!
You are too injured to fight recklessly!
You are too injured to fight recklessly!
You are too injured to fight recklessly!
You are too injured to fight recklessly!
You closely miss the wight.
The wight is almost destroyed.
The wight hits you with a +2 hand axe!
You feel drained.
The wight hits you with a +0 great sword!!
* * * LOW HITPOINT WARNING * * *
You feel drained.
* * * LOW HITPOINT WARNING * * *
The wight barely misses you. The wight attacks as it pursues you!
The wight hits you with a +0 great sword!
You die...

####.######.....#
#
#...............#
#.
#.##.######.....#
#.##.##.#
##...###
#.......# ##.....
#......## ######
#.##.#.# ###
#.#.# #.. #h..#
#.# #.###z.# #.#
#...zz.# #.#
##.....# ..#
#.....# ###
#.....# # #.....#
# #.....# #
###.### #


You could see 2 wights.

Vanquished Creatures
  Menkaure (D:4)
  A water moccasin (D:5)
  Duvessa (D:5)
  An ice beast (D:6)
  3 ogres
  Blork the orc (D:4)
  2 scorpions
  Dowan (D:5)
  2 bombardier beetles
  2 jellies
  A sleepcap (D:4)
  Ijyb (D:5)
  4 gnolls
  10 adders
  4 dart slugs
  A ribbon worm (D:4)
  2 orcs
  9 endoplasms
  5 giant cockroaches
  7 goblins
  9 hobgoblins
  4 jackals (D:1)
  10 kobolds
  4 quokkas
  4 ball pythons
  5 bats
  2 frilled lizards
  6 rats
103 creatures vanquished.

Notes
Turn   | Place    | Note
-------+----------+-------------------------------------------
     0 | D:1      | cforsyth the Oni Shapeshifter began the quest for the Orb.
     0 | D:1      | Reached XP level 1. HP: 19/19 MP: 1/1
    91 | D:1      | Reached XP level 2. HP: 20/28 MP: 2/2
    95 | D:1      | Reached skill level 2 in Fighting
   230 | D:1      | Reached XP level 3. HP: 22/36 MP: 3/3
   945 | D:2      | Reached skill level 3 in Fighting
  1009 | D:2      | Reached XP level 4. HP: 36/45 MP: 4/4
  1332 | D:2      | Identified the +2 leather armour "Texkoy" {Will++}
  1948 | D:3      | Reached XP level 5. HP: 51/54 MP: 5/5
  1994 | D:3      | Found Voxt's Magic Scroll Emporium.
  2002 | D:3      | Bought a scroll of teleportation for 39 gold pieces
  2002 | D:3      | Bought a scroll of identify for 26 gold pieces
  2061 | D:3      | Reached skill level 4 in Fighting
  2469 | D:4      | Reached XP level 6. HP: 43/63 MP: 6/6
  2668 | D:4      | Noticed Menkaure
  2672 | D:4      | Noticed Blork the orc
  2677 | D:4      | Killed Menkaure
  2678 | D:4      | Reached skill level 5 in Fighting
  2684 | D:4      | Killed Blork the orc
  2685 | D:4      | Reached XP level 7. HP: 30/72 MP: 7/7
  3044 | D:4      | Reached skill level 6 in Fighting
  3044 | D:4      | Reached skill level 5 in Shapeshifting
  3514 | D:4      | You fall into a shaft and drop 2 floors!
  3525 | D:6      | Reached skill level 5 in Unarmed Combat
  3571 | D:5      | Entered Level 5 of the Dungeon
  3626 | D:5      | Noticed Ijyb
  3771 | D:5      | Reached XP level 8. HP: 61/84 MP: 8/8
  3979 | D:5      | Reached skill level 7 in Fighting
  4191 | D:5      | Killed Ijyb
  4261 | D:5      | Noticed Duvessa
  4261 | D:5      | Noticed Dowan
  4318 | D:5      | Killed Duvessa
  4323 | D:5      | Killed Dowan
  4670 | D:5      | Slain by a wight

Illustrated notes

Levels and vault maps discovered:
D:1:      nagdon_arrival_double_spiral, layout_basic,
          dreamdust_mushroom_princess
D:2:      layout_basic, st_stairs_1, minmay_close_crescents
D:3:      layout_basic, serial_shops, shop
D:4:      layout_basic, uniq_crazy_yiuf_cottage, uniq_menkaure,
          uniq_blork_the_orc
D:5:      layout_loops_cross, kennysheep_diamond, uniq_duvessa, uniq_ijyb
D:6:      layout_layer_cave, minmay_temple_entry_trees, serial_rivers,
          chequers_serial_rivers_micro_b, chequers_serial_rivers_marsh,
          chequers_serial_rivers_room_a, chequers_serial_rivers_micro_c,
          uniq_grinder, uniq_edmund, uniq_jeremiah, uniq_eustachio, uniq_sigmund

Skill      XL: |  1  2  3  4  5  6  7  8 |
---------------+-------------------------+-----
Fighting       | 2 3 4 5 6 7 |  7.8
Unarmed Combat | 3 4 5 6 |  6.0
Shapeshifting  | 4 5 6 |  6.1
Dodging        | |  1.7

Action                     |  1- 3 |  4- 6 |  7- 9 || total
---------------------------+-------+-------+-------++-------
  Melee: Unarmed           |    98 |    92 |   108 ||   298
         Headbutt          |     6 |    18 |    23 ||    47
         Punch             |       |     4 |     7 ||    11
  Evoke: Wand              |       |       |     3 ||     3
    Use: Scroll            |       |     5 |       ||     5
         Potion            |       |     1 |     1 ||     2
 Armour: Animal skin       |    89 |    48 |    78 ||   215
         Skin              |       |     9 |       ||     9
  Dodge: Dodged            |    71 |    20 |    55 ||   146

Table legend: (Time is in decaauts)
 A = Elapsed time spent in this place.
 B = Non-inter-level travel time spent in this place.
 C = Inter-level travel time spent in this place.
 D = Time resting spent in this place.
 E = Time spent auto-exploring this place.
 F = Levels seen in this place.
 G = Mean time per level.
                   A        B        C        D        E       F      G
               +--------+--------+--------+--------+--------+-----+--------+
         Total |   4646 |   4500 |    146 |    322 |   3468 |   6 |  774.3 |
       Dungeon |   4646 |   4500 |    146 |    322 |   3468 |   6 |  774.3 |
               +--------+--------+--------+--------+--------+-----+--------+

Top non-repeatable levels by time:
     D:4: 1256 daAuts
     D:2: 1018 daAuts
     D:5: 885 daAuts
     D:1: 849 daAuts
     D:3: 581 daAuts
     D:6: 55 daAuts
